not so easy vs abusive stuff?

Match 28819828
End
Selects Italian Combined Arms Battlegroup
Selects Bersaglieri Squad
Bersaglieri Squad
Panzerpioneer Squad
Bersaglieri Squad
250 Light Carrier
Construct Light Support Kompanie
Fire Support Elements
Selects Vehicle Support - Secure Location
Flakvierling Half-track
le.IG 18 Mechanized Group
Pak 38 Anti-tank Gun Team
MG34 Team
Panzergrenadier Squad
Pak 38 Anti-tank Gun Team
Selects Vehicle Support - Force Recon
Panzerjäger Mechanized Group
MG34 Team
Zuntew
odung
0
0

Comments sign in to comment!

No comments posted yet!